 Dungeon Sprint DCSS version 0.28-a0-479-g5baa6b73be (webtiles) character file.

Game seed: 6157451263105343706

4983 rocky1 the Carver (level 10, -6/77 HPs)
             Began as a Demonspawn Fighter on Sept 17, 2021.
             Was the Champion of Cheibriados.
             Killed from afar by a bog body (34 damage)
             ... with a bolt of cold
             ... in the Dungeon (Sprint VII: "The Pits").
             The game lasted 00:10:08 (1840 turns).

rocky1 the Carver (Demonspawn Fighter)              Turns: 1840, Time: 00:10:08

Health: -6/77      AC: 17    Str: 36    XL:     10   Next: 29%
Magic:  18/18      EV: 17    Int: 26    God:    Cheibriados [******]
Gold:   0          SH:  9    Dex: 28    Spells: 9/9 levels left

rFire   . . .      SeeInvis .   m - +1 scimitar (flame)
rCold   . . .      Faith    .   c - +0 buckler
rNeg    . . .      Spirit   .   s - +4 chain mail
rPois   .          Reflect  .   (no helmet)
rElec   .          Harm     .   t - +0 cloak
rCorr   .          Rampage  .   (no gloves)
Will    .....      NoTele   +   (no boots)
Stlth   ..........              (no amulet)
HPRegen 0.22/turn               n - +3 ring of evasion
MPRegen 0.16/turn               o - +3 ring of strength

@: very slow
A: hooves 1, molten scales 1, powered by pain 2, spiny 1
a: Renounce Religion, Bend Time, Temporal Distortion, Slouch, Step From Time


You were in the Dungeon.
You worshipped Cheibriados.
Cheibriados was exalted by your worship.
You visited 1 branch

Inventory:

Hand Weapons
 b - the +2 rapier "Joatwiel" {vamp, rC+ Dex+3 Stlth+}
   (You found it in the Dungeon)

   It occasionally heals its wielder for a portion of the damage dealt when it
   wounds a living foe.
   Dex:       It affects your dexterity (+3).
   rC:        It protects you from cold.
   Stlth:     It makes you more stealthy.
 m - a +1 scimitar of flaming (weapon)
 r - a +2 scimitar of protection
Missiles
 k - 3 poisoned darts (quivered)
Armour
 c - a +0 buckler (worn)
 s - a +4 chain mail (worn)
 t - a +0 cloak (worn)
Jewellery
 n - a +3 ring of evasion (left hand)
 o - a +3 ring of strength (right hand)
Scrolls
 g - 5 scrolls of amnesia
 j - a scroll of blinking
 l - a scroll of summoning
Potions
 a - 2 potions of invisibility
 d - 2 potions of might
 e - 6 potions of curing
 f - 8 potions of heal wounds
 h - 4 potions of magic
 i - 3 potions of berserk rage
 p - a potion of resistance
 q - a potion of mutation


   Skills:
 + Level 6.9 Fighting
 - Level 14.0 Long Blades
 + Level 6.3 Armour
 + Level 5.5 Dodging
 - Level 12.1 Shields
 - Level 11.8 Invocations


You had 9 spell levels left.
You didn't know any spells.
Your spell library was empty.

Dungeon Overview and Level Annotations

Branches:
Dungeon (1/1)

Altars:
Ashenzari
Cheibriados
Dithmenos
Elyvilon
Fedhas
Gozag
Hepliaklqana
Kikubaaqudgha
Makhleb
Nemelex Xobeh
Okawaru
Qazlal
Ru
Sif Muna
Trog
Uskayaw
Vehumet
Wu Jian
Xom
Yredelemnul
Zin
The Shining One
Beogh
Jiyva
Lugonu


Innate Abilities, Weirdness & Mutations

You have large cloven feet.
You are partially covered in molten scales. (AC +2)
You sometimes gain power by taking damage.
You are partially covered in sharp spines.


Message History

Your Armour skill increases to level 6!
Your Dodging skill increases to level 5!
You hit the manticore but do no damage. Your kick misses the manticore.
The manticore is heavily wounded.
You slash the manticore! You burn the manticore. You kick the manticore.
The manticore is severely wounded.
The manticore bites you but does no damage.
The manticore claws you but does no damage.
The manticore closely misses you.
You slice the manticore!! You burn the manticore!
You kill the manticore!
Cheibriados appreciates the change of pace.
Your Shields skill increases to level 12!
There is an open door, spattered with blood here.
Things that are here:
a +0 dagger; a +0 robe; a giant cockroach corpse You start resting.
Magic restored.
You start waiting.
Done waiting.
Unknown command.
You open the door.
A bog body and a skeleton come into view.
The bog body points at you and mumbles some strange words.
The bolt of cold hits you!! You block the bog body's attack.
The quokka skeleton is struck by your spines.
You destroy the quokka skeleton!
Cheibriados appreciates the change of pace.
There is an open door here.
You slice the bog body!! You burn the bog body. You kick the bog body.
The bog body is severely damaged.
The bog body touches you! The bog body freezes you!
You barely miss the bog body. You kick the bog body.
The bog body is almost destroyed.
You hit the bog body.
You kick the bog body, but do no damage.
The bog body is almost destroyed.
The bog body casts a spell at you. The bolt of cold hits you!!
You die...

#..###...###..'...#
#)).##...##..##...#
##...##'##..###...+
##.)...†....##...#
##).###'###...##)##
#.÷##.....##..#...#
#..'....†..'..+...+
#..##.....##..#...#
##).###'###...##@##
##...†).....##.n.#
##...##'##..###...+
#...##...##..##...#
#..###...###..+...#
### ##### #######


You could see a bog body.

Vanquished Creatures
  An orc knight (D)
  An orc sorcerer (D)
  A manticore (D)
  An elephant (D)
  A cane toad (D)
  A freezing wraith (D)
  A rime drake (D)
  An efreet (D)
  A red devil (D)
  A hornet (D)
  A redback (D)
  A tarantella (D)
  A water elemental (D)
  A fire bat (D)
  A warg (D)
  An acid dragon (D)
  2 floating eyes (D)
  3 orc warriors (D)
  A black bear (D)
  A wolf (D)
  2 kobold brigands (D)
  A small abomination (D)
  6 killer bees (D)
  2 hounds (D)
  An orc wizard (D)
  A gnoll (D)
  A white imp (D)
  An ufetubus (D)
  A worm (D)
  3 orcs (D)
  A bat (D)
  2 bat skeletons (D)
  2 giant cockroaches (D)
  4 jackals (D)
  A kobold (D)
  A frilled lizard (D)
  A quokka skeleton (D)
  2 rats (D)
56 creatures vanquished.

Notes
Turn   | Place    | Note
-------+----------+-------------------------------------------
     0 | D        | rocky1 the Demonspawn Fighter began the quest for the Orb.
     0 | D        | Reached XP level 1. HP: 18/18 MP: 1/1
    21 | D        | Reached skill level 3 in Long Blades
    25 | D        | Found a bloodstained altar of Trog.
    25 | D        | Found a shimmering blue altar of Sif Muna.
    25 | D        | Found a viscous altar of Jiyva.
    25 | D        | Found a hazy altar of Hepliaklqana.
    25 | D        | Found an opulent altar of Gozag.
    26 | D        | Found a basalt altar of Yredelemnul.
    26 | D        | Found a shimmering altar of Xom.
    26 | D        | Found an ornate altar of the Wu Jian Council.
    26 | D        | Found a sacrificial altar of Ru.
    26 | D        | Found a stormy altar of Qazlal.
    26 | D        | Found an iron altar of Okawaru.
    26 | D        | Found a sparkling altar of Nemelex Xobeh.
    26 | D        | Found a burning altar of Makhleb.
    26 | D        | Found a blossoming altar of Fedhas.
    26 | D        | Found a shadowy altar of Dithmenos.
    26 | D        | Found a snail-covered altar of Cheibriados.
    28 | D        | Found a radiant altar of Vehumet.
    28 | D        | Found a corrupted altar of Lugonu.
    29 | D        | Found a hide-covered altar of Uskayaw.
    29 | D        | Found an ancient bone altar of Kikubaaqudgha.
    29 | D        | Found a broken altar of Ashenzari.
    43 | D        | Became a worshipper of Cheibriados the Contemplative
   151 | D        | Reached skill level 1 in Invocations
   151 | D        | Reached * piety under Cheibriados
   152 | D        | Gained mutation: You sometimes gain a little power by
                  | taking damage. [demonic ancestry]
   152 | D        | Reached XP level 2. HP: 24/24 MP: 1/3
   282 | D        | Noticed a floating eye
   285 | D        | Reached skill level 4 in Long Blades
   287 | D        | Killed a floating eye
   288 | D        | Reached skill level 6 in Long Blades
   288 | D        | Gained mutation: You are partially covered in molten
                  | scales. (AC +2) [demonic ancestry]
   288 | D        | Reached XP level 3. HP: 15/29 MP: 4/8
   288 | D        | Reached XP level 4. HP: 19/35 MP: 4/9
   290 | D        | Reached ** piety under Cheibriados
   497 | D        | Reached *** piety under Cheibriados
   498 | D        | Noticed a floating eye
   500 | D        | Killed a floating eye
   501 | D        | Reached skill level 8 in Long Blades
   501 | D        | Reached skill level 10 in Invocations
   501 | D        | Reached XP level 5. HP: 41/41 MP: 9/12
   575 | D        | Noticed a fire bat
   587 | D        | Killed a fire bat
   587 | D        | Reached **** piety under Cheibriados
   588 | D        | Reached skill level 9 in Long Blades
   588 | D        | Reached XP level 6. HP: 18/47 MP: 12/14
   786 | D        | Reached ***** piety under Cheibriados
   787 | D        | Reached skill level 10 in Long Blades
   788 | D        | Reached skill level 11 in Long Blades
   788 | D        | Gained mutation: You sometimes gain power by taking damage.
                  | [demonic ancestry]
   788 | D        | Reached XP level 7. HP: 49/52 MP: 9/15
  1004 | D        | Noticed a water elemental
  1008 | D        | Killed a water elemental
  1009 | D        | Reached skill level 12 in Long Blades
  1092 | D        | Noticed a redback
  1093 | D        | Reached ****** piety under Cheibriados
  1093 | D        | Killed a redback
  1094 | D        | Reached skill level 13 in Long Blades
  1094 | D        | Gained mutation: You have large cloven feet. [demonic
                  | ancestry]
  1094 | D        | Reached XP level 8. HP: 58/58 MP: 10/16
  1162 | D        | Got the +2 rapier "Joatwiel" {vamp, rC+ Dex+3 Stlth+}
  1227 | D        | Noticed a freezing wraith
  1227 | D        | Noticed a red devil
  1229 | D        | Reached skill level 14 in Long Blades
  1234 | D        | Killed a freezing wraith
  1234 | D        | Killed a red devil
  1238 | D        | Noticed an orc knight
  1244 | D        | Gained mutation: You are partially covered in sharp spines.
                  | [demonic ancestry]
  1244 | D        | Reached XP level 9. HP: 22/63 MP: 4/17
  1250 | D        | Killed an orc knight
  1251 | D        | Reached skill level 10 in Shields
  1416 | D        | Reached skill level 1 in Dodging
  1450 | D        | Noticed an elephant
  1465 | D        | Killed an elephant
  1550 | D        | Noticed a cane toad
  1550 | D        | Noticed a rime drake
  1554 | D        | Killed a cane toad
  1557 | D        | Killed a rime drake
  1558 | D        | Reached skill level 5 in Fighting
  1569 | D        | Noticed an efreet
  1577 | D        | Reached skill level 5 in Armour
  1584 | D        | Killed an efreet
  1585 | D        | Reached XP level 10. HP: 59/76 MP: 18/18
  1700 | D        | Noticed an orc sorcerer
  1700 | D        | Noticed a manticore
  1705 | D        | Noticed a smoke demon
  1706 | D        | Killed an orc sorcerer
  1707 | D        | Reached skill level 5 in Dodging
  1709 | D        | Killed a manticore
  1836 | D        | Noticed a bog body
  1840 | D        | Killed from afar by a bog body

Illustrated notes

Levels and vault maps discovered:
D:        pitsprint [storerooms_1, entrance_room_1, metal_vault_5, armoury_2,
          mini_pit_1, grid_room_1, main_hall_1, silver_pit, the_coven_2,
          the_vestibule_1, steel_vault_5, golden_pit, hallway_of_sentries,
          crystal_vault_1, iron_vault_2, final_vault]

Skill      XL: |  1  2  3  4  5  6  7  8  9 10 |
---------------+-------------------------------+-----
Long Blades    | 3 6 8 9 11 13 14 | 14.0
Invocations    | 1 7 10 11 | 11.8
Shields        | 8 11 12 | 12.1
Armour         | 5 6 |  6.3
Dodging        | 4 5 |  5.5
Fighting       | 5 6 |  6.9

Action                   |  1- 3 |  4- 6 |  7- 9 | 10-12 || total
-------------------------+-------+-------+-------+-------++-------
Melee: Long sword        |     6 |       |       |       ||     6
       Falchion          |     9 |    17 |    25 |       ||    51
       Scimitar          |       |       |    42 |    12 ||    54
       Kick              |       |       |    21 |     6 ||    27
Throw: Dart              |       |       |     1 |       ||     1
Invok: Slouch            |       |     1 |     7 |     1 ||     9
  Use: Potion            |       |     1 |     4 |       ||     5
Armor: Scale mail        |     5 |    11 |     3 |       ||    19
       Chain mail        |       |       |    17 |     2 ||    19
Dodge: Dodged            |     9 |    15 |    41 |     2 ||    67
Block: Buckler           |     6 |     2 |    20 |     1 ||    29

Table legend: (Time is in decaauts)
 A = Elapsed time spent in this place.
 B = Non-inter-level travel time spent in this place.
 C = Inter-level travel time spent in this place.
 D = Time resting spent in this place.
 E = Time spent auto-exploring this place.
 F = Levels seen in this place.
 G = Mean time per level.
                   A        B        C        D        E       F      G
               +--------+--------+--------+--------+--------+-----+--------+
         Total |   2099 |   2021 |     78 |   1264 |      0 |   1 | 2099.0 |
       Dungeon |   2099 |   2021 |     78 |   1264 |      0 |   1 | 2099.0 |
               +--------+--------+--------+--------+--------+-----+--------+

Top non-repeatable levels by time:
       D: 2099 daAuts
